 Dungeon Crawl Stone Soup version 0.17-a0-2055-gb4e23be (webtiles) character file.

121 SlimeFever the Sneak (level 5, -3/43 HPs)
             Began as a Naga Fire Elementalist on Oct 12, 2015.
             Slain by an ogre
             ... wielding a +0 giant club
              (4 damage)
             ... on level 3 of the Dungeon.
             The game lasted 00:24:34 (2801 turns).

SlimeFever the Sneak (Naga Fire Elementalist)       Turns: 2801, Time: 00:24:34

Health: -3/43      AC:  8    Str: 11    XL:     5   Next: 5%
Magic:  8/8        EV: 10    Int: 16    God:
Gold:   148        SH:  0    Dex: 15    Spells: 3 memorised, 2 levels left

rFire  + . .     SeeInvis +     a - +2 mace (protect)
rCold  x . .     Clarity  .     q - +0 leather armour
rNeg   . . .     SustAt   .     (no shield)
rPois  +         Gourm    .     (no helmet)
rElec  .         Spirit   .     (no cloak)
rCorr  .         Warding  .     (no gloves)
rMut   .         Stasis   .     (no barding)
MR     .....                    (no amulet)
Stlth  +++.......               c - +4 ring of dexterity
                                g - ring of fire

@: very slightly contaminated, very slow, not resistant to hostile enchantments,
fairly stealthy
A: see invisible, deformed body, poison resistance, slowness 2, slow metabolism
1, spit poison 2, AC +1
a: Spit Poison


You were on level 3 of the Dungeon.
You were not hungry.

You visited 1 branch of the dungeon, and saw 4 of its levels.

You collected 148 gold pieces.

Inventory:

Hand Weapons
 a - a +2 mace of protection (weapon)
 b - a +0 hunting sling
 h - a +0 whip
 k - a cursed -2 mace
Missiles
 m - 13 sling bullets
 n - 17 arrows
 v - 18 poisoned needles
 w - 13 bolts
Armour
 f - a +0 robe
 q - a +0 leather armour (worn)
Jewellery
 c - a +4 ring of dexterity (right hand)
 g - a ring of fire (left hand)
Potions
 e - a potion of flight
 i - a potion of brilliance
 j - a potion of haste
 l - 3 potions of magic
 o - a potion of invisibility
 p - a potion of curing
 s - a potion of beneficial mutation {unknown}
 u - 2 potions of lignification
Books
 d - a book of Flames

   Spells                             Type                      Level
   a - Flame Tongue                   Conjuration/Fire             1
   b - Throw Flame                    Conjuration/Fire             2
   c - Conjure Flame                  Conjuration/Fire             3
   d - Inner Flame                    Hexes/Fire                   3
   e - Sticky Flame                   Conjuration/Fire             4
   f - Fireball                       Conjuration/Fire             5


   Skills:
 + Level 0.6 Fighting
 * Level 0.6 Maces & Flails
 + Level 0.2 Armour
 + Level 1.8 Dodging
 * Level 4.1 Stealth
 + Level 2.3 Spellcasting
 + Level 2.2 Conjurations
 * Level 3.9 Fire Magic


You had 2 spell levels left.
You knew the following spells:

 Your Spells              Type           Power        Failure   Level  Hunger
a - Flame Tongue          Conj/Fire      ###..        10%         1    #......
b - Throw Flame           Conj/Fire      ###...       12%         2    ###....
c - Inner Flame           Hex/Fire       ##......     34%         3    ###....


Dungeon Overview and Level Annotations

Branches:
Dungeon (4/15)
 Temple: D:4-7

Altars:
Cheibriados


Innate Abilities, Weirdness & Mutations

You cannot wear boots.
Your serpentine skin is tough (AC +1).
You have supernaturally acute eyesight.
Armour fits poorly on your strangely shaped body.
Your system is resistant to poisons.
You cover ground very slowly.
You have a slow metabolism.
You can spit poison.


Message History

Press: ? - help, Shift-Dir - straight line, f/p - ogre
Aim: an ogre, wielding a giant club (lightly wounded)
You feel a surge of power!
The flame tongue hits the ogre.
The ogre is moderately wounded.
Found a stone staircase leading down.
Your extra speed is starting to run out.
Found an escape hatch in the floor.
Found a stone staircase leading up.
You feel yourself slow down.
There is a stone staircase leading down here.
The ogre closely misses you.
There is an escape hatch in the floor here.
The ogre hits you with a giant club!
There is a stone staircase leading up, spattered with blood here.
The ogre hits you with a giant club!
* * * LOW HITPOINT WARNING * * *
You climb upwards.
There is a stone staircase leading down here.
The ogre hits you with a giant club.
You die...

##.....# #.# ##....# ##.#.#.#
.......# #.# #.....######....#†#
##.....# #.# #..................
#.....# #.###..#########...####
###.### #........ ##.## #.#
#......#.# #.# #.# #.###.##.# #.#
####.#### #.# #O>#.# ##+##
........# #.# ##@#.# ##...##
.###.##.# #.####.#.# ##.....##
.##..##.# #........# ##.......##
.#...##.########...####.........#
......................'..†......'
.#...#..########...####.........#
........# #..### ##.......##
..###...# ##..).# ##.....## #.#
#..## ##.....### ##...##


You could see an ogre.

Vanquished Creatures
  A worker ant (D:3)
  4 adders
  A worm (D:2)
  2 giant geckos
  6 orcs (D:3)
  A ball python (D:3)
  4 giant cockroaches
  7 goblins
  6 hobgoblins
  7 jackals
  4 kobolds
  4 bats
  6 giant newts
  A rat (D:2)
54 creatures vanquished.

Notes
Turn   | Place    | Note
--------------------------------------------------------------
     0 | D:1      | SlimeFever the Naga Fire Elementalist began the quest for the Orb.
     0 | D:1      | Reached XP level 1. HP: 15/15 MP: 3/3
   182 | D:1      | Reached XP level 2. HP: 10/22 MP: 3/5
   189 | D:1      | Learned a level 2 spell: Throw Flame
  1234 | D:2      | Reached XP level 3. HP: 20/28 MP: 4/6
  1500 | D:2      | Found a snail-covered altar of Cheibriados.
  1660 | D:3      | Learned a level 3 spell: Inner Flame
  1759 | D:3      | Reached XP level 4. HP: 12/36 MP: 0/7
  2575 | D:3      | Reached skill level 4 in Stealth
  2575 | D:3      | Reached XP level 5. HP: 41/43 MP: 0/8
  2752 | D:4      | Noticed an ogre
  2799 | D:4      | HP: 1/43 [ogre/giant club (12)]
  2801 | D:3      | Slain by an ogre

Vault maps used:
D:1:      onia_arrival_pyramid
D:2:      nicolae_overflow_hidden_temple, minmay_misc_feat_room,
          nrook_mini_vaults
D:4:      lemuel_crystal_altar, minmay_temple_entry_glassed_door,
          trog_three_pillars_becter

Action                   |  1- 3 |  4- 6 || total
-------------------------+-------+-------++-------
Melee: Whip              |    49 |     5 ||    54
       Mace              |       |    39 ||    39
 Cast: Flame Tongue      |    27 |    16 ||    43
       Throw Flame       |    18 |    13 ||    31
  Use: Scroll            |     7 |     5 ||    12
       Potion            |       |     1 ||     1
  Eat: Bread ration      |     1 |     1 ||     2
